 Dungeon Crawl Stone Soup version 0.25-a0-663-gace7076 (webtiles) character file.

Game seed: 405807773671113089, levelgen mode: deterministic

2641 pascalblue the Cleaver (level 9, -3/81 HPs)
             Began as a Hill Orc Fighter on Mar 24, 2020.
             Was a Believer of Qazlal.
             Slain by Erica
             ... wielding a +2 scimitar of flaming
              (8 damage)
             ... on level 8 of the Dungeon.
             The game lasted 00:17:09 (3504 turns).

pascalblue the Cleaver (Hill Orc Fighter)           Turns: 3504, Time: 00:17:09

Health: -3/81      AC:  5    Str: 22    XL:     9   Next: 61%
Magic:  12/12      EV:  9    Int:  8    God:    Qazlal [**....]
Gold:   53         SH: 15    Dex: 10    Spells: 8/8 levels left

rFire    + . .     SeeInvis .   a - +1 war axe
rCold    + . .     Gourm    .   c - +2 kite shield
rNeg     . . .     Faith    .   l - +0 troll leather armour {Purgy}
rPois    .         Spirit   .   (no helmet)
rElec    .         Reflect  .   g - scarf {rC+ rF+}
rCorr    .         Harm     .   (no gloves)
MR       .....                  (no boots)
Stlth    +.........             d - amulet of regeneration
HPRegen  1.03/turn              (no ring)
MPRegen  0.13/turn              (no ring)

@: slowed, very slow
A: no striking features
a: Upheaval, Renounce Religion


You were on level 8 of the Dungeon.
You worshipped Qazlal.
Qazlal was pleased with you.
You were hungry.

You visited 1 branch of the dungeon, and saw 6 of its levels.
You also visited: Sewer.

You collected 190 gold pieces.
You spent 137 gold pieces at shops.

Inventory:

Hand Weapons
 a - a +1 war axe (weapon)
 i - a +2 halberd of flaming
 w - a +0 battleaxe of venom
Missiles
 x - 6 atropa-tipped darts (quivered)
Armour
 b - a +0 scale mail
 c - a +2 kite shield (worn)
 g - a scarf of resistance (worn)
 l - a +0 troll leather armour (worn) {Purgy}
 r - a +0 cloak
 s - +0 steam dragon scales
Jewellery
 d - an amulet of regeneration (around neck)
 z - an uncursed amulet of the acrobat
Wands
 y - a wand of acid (7)
Scrolls
 n - 2 scrolls of teleportation
 p - 4 scrolls of fear
Potions
 e - a potion of brilliance
 h - a potion of haste {unknown}
 j - 2 potions of stabbing
 k - a potion of flight {unknown}
 m - a potion of mutation
 o - a potion of resistance {unknown}
 q - 2 potions of curing
 u - a potion of invisibility {unknown}
Comestibles
 f - 14 rations


   Skills:
 + Level 7.8 Fighting
 + Level 8.2 Axes
 + Level 7.2 Armour
 + Level 7.2 Shields
 + Level 4.8 Invocations
 + Level 3.0 Evocations


You had 8 spell levels left.
You didn't know any spells.
Your spell library was empty.

Dungeon Overview and Level Annotations

Branches:
Dungeon (5/15)              Sewer (visited)
 Temple: D:4-7

Altars:
Elyvilon
Qazlal
Vehumet
Wu Jian
Yredelemnul
The Shining One

Shops:
D:8 (

Annotations:
D:8 Erica


Message History

The hippogriff is severely wounded.
The hippogriff barely misses you. The hippogriff pecks you.
* * * LOW HITPOINT WARNING * * *
You block the hippogriff's attack.
You slash the hippogriff!
You kill the hippogriff!
Qazlal accepts your kill.
Your Evocations skill increases to level 3!
Something hits you.
* * * LOW HITPOINT WARNING * * *
You closely miss something. Something hits you!
* * * LOW HITPOINT WARNING * * *
Something burns you.
* * * LOW HITPOINT WARNING * * *
You miss something. Something hits you!
* * * LOW HITPOINT WARNING * * *
Something burns you.
* * * LOW HITPOINT WARNING * * *
Something hits you!
You die...

...## #.## .###
#..# .# #..## .#
#...##
#######.#..# .
...#....##.#####
.?
.....#####.....##
..> ...#####
#####..#### ....
.........
##.@†.## .....
..######.
####..#...... ..#
##........ ..#
####..... ..#
.... ### ...


There were no monsters in sight!

Vanquished Creatures
  A two-headed ogre (D:8)
  Maggie (D:8)
  A hippogriff (D:8)
  Sigmund (D:2)
  The ghost of mobdeep the Grave Robber, an amateur DENe (D:4)
  Purgy (Sewer)
  2 ogres
  2 centaurs
  2 bullfrogs
  A water moccasin skeleton (D:8)
  3 howler monkeys
  2 crimson imps (D:5)
  2 orc priests (D:5)
  2 orc wizards (D:5)
  A centaur skeleton (D:5)
  2 hounds
  An iguana (D:4)
  3 worker ants
  A hound skeleton (D:5)
  11 adders
  A shadow imp (D:5)
  2 oozes
  An adder skeleton (D:5)
  5 worms
  A dart slug (D:1)
  6 leopard geckos
  5 orcs (D:5)
  A ball python (D:3)
  4 giant cockroaches
  6 goblins
  5 hobgoblins
  3 jackals (D:5)
  6 bats
  9 frilled lizards
  8 kobolds
  A leopard gecko zombie (D:5)
  10 rats
115 creatures vanquished.

Notes
Turn   | Place    | Note
-------+----------+-------------------------------------------
     0 | D:1      | pascalblue the Hill Orc Fighter began the quest for the
                  | Orb.
     0 | D:1      | Reached XP level 1. HP: 19/19 MP: 1/1
   237 | D:1      | Reached skill level 3 in Axes
   237 | D:1      | Reached XP level 2. HP: 23/27 MP: 2/2
  1127 | D:2      | Noticed Sigmund
  1133 | D:2      | Reached XP level 3. HP: 33/33 MP: 3/3
  1140 | D:2      | Killed Sigmund
  1140 | D:2      | Reached skill level 4 in Axes
  1140 | D:2      | Reached XP level 4. HP: 33/41 MP: 4/4
  1140 | D:2      | Reached XP level 5. HP: 38/47 MP: 5/5
  1154 | D:2      | Found a stormy altar of Qazlal.
  1154 | D:2      | Found a white marble altar of Elyvilon.
  1192 | D:2      | Became a worshipper of Qazlal Stormbringer
  1631 | D:3      | Reached XP level 6. HP: 55/55 MP: 6/6
  1633 | D:3      | Reached skill level 5 in Fighting
  1673 | D:3      | Found a glowing golden altar of the Shining One.
  1691 | D:3      | Found a radiant altar of Vehumet.
  1694 | D:3      | Found a basalt altar of Yredelemnul.
  1697 | D:3      | Found an ornate altar of the Wu Jian Council.
  1719 | D:3      | Reached * piety under Qazlal
  1973 | D:3      | Found a glowing drain.
  1977 | Sewer    | Entered a sewer
  1980 | Sewer    | Noticed Purgy
  1989 | Sewer    | Killed Purgy
  1989 | Sewer    | Reached skill level 5 in Axes
  2224 | D:3      | Reached skill level 5 in Armour
  2358 | D:4      | Reached skill level 5 in Shields
  2428 | D:4      | Reached XP level 7. HP: 61/61 MP: 7/7
  2773 | D:4      | Found a runed translucent door.
  2836 | D:4      | Noticed mobdeep's ghost (amateur DENe)
  2866 | D:4      | Reached ** piety under Qazlal
  2874 | D:4      | Killed mobdeep's ghost
  2874 | D:4      | Reached skill level 6 in Axes
  2942 | D:4      | You fall into a shaft and drop 1 floor!
  2942 | D:5      | Entered Level 5 of the Dungeon
  2969 | D:5      | Reached XP level 8. HP: 70/70 MP: 3/8
  3026 | D:5      | Reached skill level 1 in Invocations
  3265 | D:5      | You fall into a shaft and drop 3 floors!
  3274 | D:8      | Found Sexoiwk's Weapon Emporium.
  3281 | D:8      | Bought a +0 battleaxe of venom for 137 gold pieces
  3324 | D:8      | Reached skill level 7 in Axes
  3326 | D:8      | Reached skill level 1 in Evocations
  3378 | D:8      | Noticed a two-headed ogre
  3381 | D:8      | Noticed Maggie
  3391 | D:8      | Killed a two-headed ogre
  3391 | D:8      | Reached XP level 9. HP: 64/79 MP: 2/12
  3396 | D:8      | Killed Maggie
  3396 | D:8      | Reached skill level 8 in Axes
  3473 | D:8      | Noticed Erica
  3504 | D:8      | Slain by Erica

Levels and vault maps discovered:
D:1:      eino_arrival_tree_alley, layout_basic, patterned_corridor
D:2:      layout_rooms, chequers_temple_overflow_statue_of_worship, uniq_sigmund
D:3:      layout_basic, grunt_temple_overflow_cloverleaf,
          gup_sewer_entry_spiral, first_ration
D:4:      layout_basic, ebering_ghost_sewer_d
D:5:      layout_gridville, temple_fountains
D:8:      layout_rooms, okawaru_altar_gauntlet_db, serial_shops, shop,
          hangedman_little_slice_of_home, uniq_erica, uniq_maggie

Skill      XL: |  1  2  3  4  5  6  7  8  9 |
---------------+----------------------------+-----
Axes           | 3 4 5 6 7 8 |  8.2
Fighting       | 4 5 6 7 |  7.8
Armour         | 4 5 6 7 |  7.2
Shields        | 4 5 6 7 |  7.2
Invocations    | 4 |  4.8
Evocations     | 2 3 |  3.0

Action                   |  1- 3 |  4- 6 |  7- 9 || total
-------------------------+-------+-------+-------++-------
Melee: War axe           |    78 |   169 |   208 ||   455
Throw: Dart              |       |       |     2 ||     2
Invok: Upheaval          |       |       |     3 ||     3
  Use: Potion            |     1 |       |     8 ||     9
       Scroll            |       |    11 |     4 ||    15
  Eat: Chunk             |       |     5 |     4 ||     9
Armor: Scale mail        |    39 |    61 |       ||   100
       Troll leather arm |       |     3 |    39 ||    42
Dodge: Dodged            |    25 |    46 |    57 ||   128
Block: Kite shield       |    50 |   119 |   136 ||   305

Table legend:
 A = Non-vault XP
 B = Vault XP
 C = Vault XP percentage of total XP
 D = Non-vault monster count
 E = Vault monster count
 F = Vault count percentage of total count
                 A         B        C        D         E       F
            +---------+---------+-------+---------+---------+-------
      Total |    2678 |    1095 |  29.0 |      96 |      19 |  16.5
            +---------+---------+-------+---------+---------+-------
        D:1 |      27 |       0 |   0.0 |      16 |       0 |   0.0
        D:2 |      54 |     220 |  80.3 |      19 |       1 |   5.0
        D:3 |      64 |      32 |  33.3 |      19 |       7 |  26.9
        D:4 |     337 |     272 |  44.7 |      10 |       4 |  28.6
        D:5 |     514 |       0 |   0.0 |      22 |       0 |   0.0
        D:8 |    1682 |     418 |  19.9 |      10 |       1 |   9.1
      Sewer |       0 |     153 | 100.0 |       0 |       6 | 100.0
            +---------+---------+-------+---------+---------+-------
